[Event "European Women Blitz-ch 2024"]
[Site "Monaco"]
[Date "2025.01.10"]
[Round "7.2"]
[White "Kulon, Klaudia"]
[Black "Kosteniuk, Alexandra"]
[Result "1/2-1/2"]
[Annotator "TA"]
[ECO "A26"]
[WhiteElo "2393"]
[BlackElo "2484"]
[PlyCount "93"]
[EventDate "2025.01.06"]
[EventType "swiss"]
[EventCountry "MNC"]
[SourceTitle "playchess.com"]
[Source "ChessBase"]
[SourceQuality "1"]
[TimeControl "180+2"]

1. c4 e5 2. g3 Nc6 3. Bg2 f5 4. Nc3 Nf6 5. d3 g6 6. e4 d6 7. Nge2 Bg7 8. O-O O-O 9. exf5 Bxf5 10. d4 Qd7 11. dxe5 Nxe5 12. Nf4 c6 13. b3 Kh8 14. Bb2 Rae8 15. Qd2 (15. Ba3 $142) 15... g5 $17 16. Nfe2 Nd3 $1 17. Ba3 h6 (17... Ng4 $19 18. Nc1 Ndxf2) 18. Rad1 $15 c5 (18... Ng4 $15 19. f3 Ne3) 19. Nc1 $11 Nxc1 (19... Nxf2 $1 $11 20. Rxf2 (20. Qxf2 Ng4 $15) 20... Ng4) 20. Qxc1 Bh3 21. Nb5 (21. f3 $11) 21... Bxg2 $15 22. Kxg2 Qc6+ (22... Ng4 $15 23. Rxd6 (23. Nxd6 Re2 $17) 23... Qf5) 23. Kg1 $1 $11 Re6 24. Nxa7 (24. f3 $11 {remains equal.}) 24... Qf3 $17 25. Nb5 Ng4 ({Black should play} 25... Qh5 26. Bb2 (26. Rxd6 $2 Ng4 $19) 26... Ng4 27. Bxg7+ (27. Nxd6 $2 Qxh2#) 27... Kxg7 28. Qb2+ (28. Nxd6 $2 Qxh2#) 28... Ref6 (28... Kg8 29. f3 $17)) 26. Qd2 $2 (26. Rd2 $17 Re2 27. Rxe2 (27. Qd1 $2 Ne3 28. Rxe2 Qg2#) 27... Qxe2 28. Qd1 Rxf2 29. Qxe2 Rxe2 30. h3) 26... Re2 $19 27. Qd5 Qxd5 (27... Rxa2 28. Qxf3 Rxf3 29. Bc1 $17 (29. Rxd6 Nxf2 30. Rdd1 Nh3+ 31. Kh1 Rxb3 $17)) 28. cxd5 (28. Rxd5 Nxf2 (28... Rfxf2 29. Rxf2 Nxf2 30. Rxd6 $11) 29. Rxf2 Rfxf2 30. Rxd6 Rg2+ (30... Rxa2 $2 31. Bxc5 Rg2+ 32. Kf1 $19) 31. Kh1 Rxh2+ (31... Rxa2 $2 32. Bxc5 Rxh2+ 33. Kg1 $19) 32. Kg1 b6 $19 (32... Rxa2 33. Bxc5 Rag2+ 34. Kf1 $19)) 28... Rxa2 (28... Rfxf2 29. Rxf2 Nxf2 30. Rf1 $19) (28... Nxf2 $142 29. Rde1 Rxa2) 29. Bc1 $19 Nxf2 30. Rd2 Rxd2 31. Bxd2 Ne4 32. Rxf8+ Bxf8 33. Ba5 (33. Bc1 {is a better defense.}) 33... Kg7 $19 34. Kg2 Kf6 35. Kf3 Ke5 36. Nc7 h5 37. h3 Nf6 $2 (37... Be7 $19 38. Be1 Kd4) 38. Bc3+ $1 $11 Kf5 39. Bxf6 Kxf6 40. Ke4 g4 41. hxg4 hxg4 42. Nb5 Kg5 43. Nc7 $2 {[%emt 0:00:03][%mdl 8192] [#]} (43. Na3 $1 $11) 43... Be7 $2 (43... Bg7 $1 $19 44. Ne6+ Kg6) 44. Nb5 $11 Bf8 45. Nc7 $2 {[%emt 0:00:01] [#]} (45. Na3 $11 {and White is okay.}) 45... Be7 $2 (45... Bg7 $1 $19 {[%cal Rg7e5] aiming for ...Be5.} 46. Ne6+ Kf6) 46. Nb5 $11 Bf8 $2 (46... b6 $11) 47. Nc7 1/2-1/2

[Event "European Women Blitz-ch 2024"]
[Site "Monaco"]
[Date "2025.01.10"]
[Round "7.3"]
[White "Zhukova, Natalia"]
[Black "Matnadze Bujiashvili, Ann"]
[Result "1-0"]
[Annotator "TA"]
[ECO "B22"]
[WhiteElo "2306"]
[BlackElo "2315"]
[PlyCount "100"]
[EventDate "2025.01.06"]
[EventType "swiss"]
[EventCountry "MNC"]
[SourceTitle "playchess.com"]
[Source "ChessBase"]
[SourceQuality "1"]
[TimeControl "180+2"]

1. e4 c5 2. c3 Nf6 3. e5 Nd5 4. Bc4 Nb6 5. Bb3 d5 6. exd6 Qxd6 7. Nf3 c4 8. Bc2 Nc6 9. Na3 Bg4 10. h3 Bh5 11. Qe2 {[%emt 0:00:03] Wards off Ne5} e6 ({Black should try} 11... Bg6 $14) 12. g4 Bg6 13. Bxg6 hxg6 14. Nxc4 Nxc4 15. Qxc4 a6 16. d4 b5 17. Qe2 Qd5 18. a4 b4 (18... Na5 $142) 19. c4 $16 Qa5 (19... Qd6 $16) 20. b3 O-O-O (20... Qc7 {keeps fighting.} 21. Bg5 Be7) 21. Bb2 $18 Be7 22. O-O-O Rd7 23. Qe4 Qc7 24. Kc2 Rhd8 25. h4 Kb8 26. h5 gxh5 27. Rxh5 g6 28. Rh7 Bf8 (28... Bf6 $142 29. Kb1 Bh8) 29. Rh8 Bg7 30. Rxd8+ Nxd8 31. d5 Bxb2 32. Kxb2 exd5 33. Rxd5 (33. cxd5 Qc3+ 34. Ka2 Re7 35. Qf4+ (35. Qxe7 Qc2+ 36. Ka1 Qc3+ 37. Ka2 Qc2+ 38. Ka1 Qc3+ 39. Ka2 $11) 35... Ka7 $16) 33... Rxd5 34. Qxd5 {[%emt 0:00:01][%mdl 4096] Endgame Ne5 is the strong threat. KQN-KQN. White is a pawn up.} ({Don't take} 34. cxd5 $6 Qc3+ 35. Ka2 Kc7 $16) 34... Nb7 (34... Qb6 $142) 35. Qe5 Nd6 (35... Nc5 $142 36. Qd5 Nb7) 36. Qd5 Nb7 37. Ne5 Nd8 $2 {[%emt 0:00:02] [#]} (37... Ka8 $18 38. Kc2 (38. Nxf7 Qf4 $11) 38... Qe7) 38. Qxd8+ $3 Qxd8 39. Nc6+ (39. Nxf7 $2 {perishes.} Qf6+ 40. Kc1 Qxf7 $19) 39... Kc7 40. Nxd8 Kxd8 {[%emt 0:00:01] KP-KP. White is a pawn up.} 41. Kc2 a5 42. Kd3 Kc7 43. Kd4 Kd6 44. c5+ Kc6 45. g5 Kd7 46. Kd5 Kc7 47. c6 Kc8 48. Kc5 Kc7 49. Kb5 Kd6 50. Kb6 Kd5 1-0

[Event "European Women Blitz-ch 2024"]
[Site "Monaco"]
[Date "2025.01.10"]
[Round "7.4"]
[White "Arabidze, Meri"]
[Black "Roebers, Eline"]
[Result "1/2-1/2"]
[Annotator "TA"]
[ECO "A81"]
[WhiteElo "2457"]
[BlackElo "2381"]
[PlyCount "154"]
[EventDate "2025.01.06"]
[EventType "swiss"]
[EventCountry "MNC"]
[SourceTitle "playchess.com"]
[Source "ChessBase"]
[SourceQuality "1"]
[TimeControl "180+2"]

1. d4 f5 2. Nf3 Nf6 3. g3 g6 4. Bg2 Bg7 5. O-O O-O 6. Nbd2 Nc6 7. Re1 Ne4 8. c3 d5 9. Qc2 a5 10. e3 e6 11. c4 b6 12. cxd5 Nb4 13. Qb1 Ba6 14. Bf1 Bxf1 15. Rxf1 exd5 16. Ne5 Bxe5 17. dxe5 Qe7 18. Nf3 Nc6 19. b3 Nxe5 20. Nxe5 Qxe5 21. Bb2 Qe7 22. Qd3 Rad8 23. Rfd1 c5 24. h4 g5 25. hxg5 Nxg5 26. Qc3 Kf7 27. Qg7+ Ke8 28. Qxe7+ Kxe7 29. Kg2 Ne4 30. Rh1 Rf7 31. Rad1 b5 32. Rh6 Rd6 33. Rh5 b4 34. Be5 Rd7 35. Rh6 c4 36. Ra6 c3 37. Rxa5 Ke6 38. Bd4 Rd6 39. Kf3 Rc7 40. Ke2 Ng5 41. Rc1 Ne4 42. Rc2 h5 43. Rc1 (43. Rb5 $16) 43... h4 $2 (43... Rdc6 $11 {and Black is okay.}) 44. gxh4 $18 Rh7 45. Rb5 ({White should try} 45. f3 $16 Ng3+ 46. Kd3 (46. Kf2 f4 $16) 46... Rxh4 47. Ra4) 45... Ra6 $11 46. Rc2 (46. Rxb4 $2 Rxa2+ 47. Kf1 (47. Ke1 $2 Rxh4 48. Rb6+ Kd7 $19) 47... Rxh4 (47... Nxf2 $2 48. Rb6+ Kd7 49. Rb7+ Ke6 50. Rxh7 $18) (47... Rxf2+ $2 48. Kg1 $19) 48. Rxc3 Rxf2+ (48... Nxc3 $2 49. Bxc3 Rxb4 50. Bxb4 $19) 49. Kg1 Rg4+ 50. Kh1 Nxc3 51. Bxc3 Rf3 52. Rxg4 fxg4 $19) 46... Rxh4 47. Rxb4 Rh2 48. Kf3 Rc6 (48... Nd2+ $11 {keeps the balance.} 49. Kg3 Rh5 (49... Nf1+ 50. Kf4 $11)) 49. Rb6 $1 $16 Rxb6 50. Bxb6 Rxf2+ $2 (50... Nd2+ $16 {is more resistant.} 51. Ke2 Ne4) 51. Rxf2 $18 Nxf2 52. Ke2 $1 (52. Kxf2 $2 c2 53. Ke2 c1=Q $19 (53... c1=B $2 54. b4 $18)) 52... Ne4 53. Kd3 Kd6 54. Bd4 Kc6 55. Bxc3 Kb5 (55... Ng5 $142 56. Bf6 Ne6) 56. a4+ $18 Kc6 57. b4 Nf2+ 58. Kd4 Nd1 59. b5+ Kb6 60. Ba1 Ka5 61. Kxd5 Nxe3+ {[%emt 0:00:02] [#]} 62. Kc5 $1 f4 {[%emt 0:00:03] [#]} 63. b6 $2 (63. Bc3+ $1 {mates} Kxa4 64. b6 Kb3 65. Bd4 (65. b7 Kxc3 66. b8=Q f3 $18) 65... Kc2 66. b7 Ng4 67. b8=Q (67. b8=B f3 $11) 67... f3 68. Qg3) 63... Ka6 $1 $11 64. Bd4 Nf5 $2 (64... Nc2 $16) 65. Bf2 (65. a5 $142 f3 66. Bg1 Kb7 67. Bf2 Ka6 68. Kc6 Ne7+ 69. Kd6 Ng6 70. Kc7) 65... Kb7 66. Kb5 $2 ({Only move:} 66. a5 $18 {Strongly threatening Bg1.} f3 67. Bg1) 66... Nd6+ $11 67. Kb4 f3 68. a5 Ka6 69. Bc5 Ne4 70. Be3 f2 71. Bxf2 $1 Nxf2 72. Kc5 Nd3+ 73. Kc6 Nb4+ 74. Kc7 Kxa5 75. b7 Na6+ 76. Kc8 Kb6 77. b8=Q+ Nxb8 1/2-1/2

[Event "European Women Blitz-ch 2024"]
[Site "Monaco"]
[Date "2025.01.10"]
[Round "7.5"]
[White "Maltsevskaya, Aleksandra"]
[Black "Rudzinska, Michalina"]
[Result "1-0"]
[Annotator "TA"]
[ECO "B12"]
[WhiteElo "2368"]
[BlackElo "2226"]
[PlyCount "81"]
[EventDate "2025.01.06"]
[EventType "swiss"]
[EventCountry "MNC"]
[SourceTitle "playchess.com"]
[Source "ChessBase"]
[SourceQuality "1"]
[TimeControl "180+2"]

1. e4 c6 2. d4 d5 3. e5 Bf5 4. c4 e6 5. h4 h5 6. Nc3 dxc4 7. Bxc4 a6 8. Nge2 Nd7 9. Ng3 Bg6 10. Be3 Bb4 11. Be2 Ne7 12. Bg5 (12. a3 $14 Bxc3+ 13. bxc3) 12... Qa5 (12... c5 $11) 13. O-O $1 $14 (13. Nxh5 Nd5 (13... Bxc3+ 14. bxc3 Rxh5 15. Bxh5 $11) (13... Rxh5 14. Bxh5 Bxc3+ 15. bxc3 $11) 14. Kf1 (14. Nxg7+ Kf8 $17) 14... Nxc3 15. bxc3 (15. Nxg7+ Kf8 $11) 15... Bxc3 $15) (13. Bxh5 $2 Bxc3+ (13... Rxh5 14. Nxh5 Bxc3+ 15. bxc3 $14) 14. bxc3 Qxc3+ (14... Rxh5 15. Nxh5 Bxh5 16. Qxh5 $14) 15. Bd2 (15. Kf1 $2 Rxh5 16. Nxh5 Bxh5 $19) 15... Qxd4 16. Bxg6 Nxg6 $19) 13... Bxc3 14. bxc3 Qxc3 15. Rc1 (15. Nxh5 Bxh5 16. Bxh5 Nf5 $14) 15... Qa3 16. Bxh5 Bxh5 17. Nxh5 Kf8 18. Ng3 (18. Rb1 $16 b5 19. Nxg7) 18... Rd8 {[%emt 0:00:10] [#]} ({Black should play} 18... Qxa2 $14 19. Rc3 Nd5) 19. Qg4 (19. Qe2 $1 $18) 19... Nb6 $2 (19... Re8 $16 {is tougher.} 20. Rb1 b6) 20. Rb1 $18 Nbd5 21. Rxb7 Qa4 22. h5 c5 {[%emt 0:00:03] [#]} 23. h6 $1 gxh6 24. Bf6 (24. Qh4 Ng6 25. Bxh6+ (25. Bxd8 $2 {perishes.} Nxh4 26. Bxh4 Kg7 $19) 25... Ke8 $18) 24... Rg8 $2 {[%emt 0:00:02] Repels Qg7+} (24... Nxf6 25. exf6 Ng6) 25. Qh4 Ng6 26. Qxh6+ Ke8 27. Bxd8 Qc6 28. Rb8 Ndf4 29. f3 {[%emt 0:00:05] Intending Qh7 and mate.} Kd7 30. Qh7 Rf8 31. Bg5 Rxb8 32. Qxf7+ Kc8 33. Bxf4 Nxf4 34. Qxf4 {[%emt 0:00:01] Qf8+ is the strong threat.} Rb2 35. Ne4 cxd4 36. Nd6+ (36. Rc1 $142 Rc2 37. Rb1 (37. Qf8+ Kd7 $18) 37... Kc7 38. Qf7+ Qd7 39. Qf8 (39. Rb7+ Kxb7 40. Qxd7+ Rc7 $18) 39... Qb5 40. Qd6+ (40. Rxb5 axb5 41. Qe7+ Kc6 $18) 40... Kc8 41. Rxb5) 36... Kb8 37. Qxd4 Rxa2 38. Rb1+ Ka8 39. Qb4 Qc7 40. Qe4+ Ka7 41. Rb7+ 1-0

[Event "European Women Blitz-ch 2024"]
[Site "Monaco"]
[Date "2025.01.10"]
[Round "7.6"]
[White "Khademalsharieh, Sarasadat"]
[Black "Papp, Petra"]
[Result "1/2-1/2"]
[Annotator "TA"]
[ECO "E62"]
[WhiteElo "2458"]
[BlackElo "2235"]
[PlyCount "50"]
[EventDate "2025.01.06"]
[EventType "swiss"]
[EventCountry "MNC"]
[SourceTitle "playchess.com"]
[Source "ChessBase"]
[SourceQuality "1"]
[TimeControl "180+2"]

1. d4 Nf6 2. c4 g6 3. g3 Bg7 4. Bg2 O-O 5. Nc3 d6 6. Nf3 Nc6 7. O-O e5 8. dxe5 dxe5 9. Bg5 h6 10. Qxd8 Rxd8 11. Bxf6 Bxf6 12. Nd5 Bg7 13. Nxc7 {[%emt 0:00:04] White is slightly better.} Rb8 14. Rad1 e4 15. Rxd8+ Nxd8 16. Nd2 f5 17. b3 Nc6 18. Rd1 {[%emt 0:00:09] White is more active.} ({White should play} 18. e3 $16) 18... b6 19. f3 Nd4 20. Kf2 ({White should try} 20. Kh1 $14) 20... e3+ $1 $11 {[%emt 0:00:29] The position is equal.} 21. Kxe3 Nc2+ 22. Kd3 ({Don't blunder} 22. Kf2 $2 Bd4+ 23. e3 Nxe3 $19) 22... Nb4+ 23. Ke3 {[%emt 0:00:01] Black must now prevent Nb1.} Nc2+ 24. Kd3 ({Wrong is} 24. Kf2 $2 Bd4+ 25. e3 Nxe3 $19) 24... Nb4+ 25. Ke3 {[%emt 0:00:01] Nb1 is the strong threat.} Nc2+ {[%emt 0:00:51] Weighted Error Value: White=0.12 (very precise) /Black=0.05 (flawless) .  Mistake:       	White=2     	---        Inaccurate:     	---       	Black=1      OK:         	White=4     	Black=5      Best:        	White=5     	Black=3      Strong:       	---       	Black=1} 1/2-1/2

[Event "European Women Blitz-ch 2024"]
[Site "Monaco"]
[Date "2025.01.10"]
[Round "7.7"]
[White "Javakhishvili, Lela"]
[Black "Tsolakidou, Stavroula"]
[Result "0-1"]
[Annotator "TA"]
[ECO "A49"]
[WhiteElo "2426"]
[BlackElo "2451"]
[PlyCount "106"]
[EventDate "2025.01.06"]
[EventType "swiss"]
[EventCountry "MNC"]
[SourceTitle "playchess.com"]
[Source "ChessBase"]
[SourceQuality "1"]
[TimeControl "180+2"]

1. Nf3 Nf6 2. b3 g6 3. Bb2 Bg7 4. g3 O-O 5. Bg2 d6 6. d4 b5 7. O-O Bb7 8. a4 b4 9. a5 Na6 10. c4 bxc3 11. Nxc3 Rb8 12. Re1 $1 Ne4 13. Bf1 c5 (13... Nxc3 $5 14. Bxc3 Nc5 $11) 14. e3 (14. Nxe4 $15 Bxe4 15. Nd2) 14... Nb4 $17 15. Nd2 {[%emt 0:00:28] [#]} Nxd2 ({Black should try} 15... Ng5 $1 $17 16. h4 Ne6 (16... cxd4 17. exd4 Ne6 18. Ra4 $17) 17. dxc5 dxc5 (17... Nxc5 18. Nc4 $17)) 16. Qxd2 $15 cxd4 17. exd4 Nd5 (17... e6 $17) 18. Nxd5 Bxd5 19. b4 Qd7 20. b5 Ba8 21. Rad1 Rxb5 22. Bxb5 Qxb5 23. Qe2 {[%emt 0:00:19] [#]} (23. Rxe7 $2 Qd5 24. f3 Qxf3 $19) (23. Qc3 $15) 23... Qxe2 $1 $17 (23... Qxa5 24. d5 $14 (24. Qxe7 $2 Qd5 $19)) 24. Rxe2 Bf3 25. Rde1 Bxe2 26. Rxe2 e6 (26... Rb8 $19 {and Black stays clearly on top.} 27. Bc3 Rc8) 27. Ba3 (27. d5 $142) 27... Bxd4 $17 28. Bxd6 Rd8 29. Be5 $2 (29. Bb4 $17 {keeps fighting.}) 29... Bxe5 $19 30. Rxe5 Rd5 31. Re2 Rxa5 32. Rb2 g5 33. Kg2 Kg7 34. Kf3 Ra1 35. Kg4 Kg6 36. h4 h5+ 37. Kf3 gxh4 38. gxh4 Ra4 39. Kg3 a5 40. Rb7 Rg4+ 41. Kh3 a4 42. Ra7 Kf6 43. f3 Rb4 44. Ra5 e5 45. Kg3 Kf5 46. Ra7 f6 47. Ra8 Ke6 48. Ra6+ Kf5 49. Ra8 $1 e4 50. Rh8 (50. Ra5+ $142 Kg6 51. fxe4) 50... Rb3 $19 51. Rxh5+ Kg6 52. Ra5 Rxf3+ (52... exf3 53. Rxa4 Rd3 54. Rg4+ Kh5 55. Ra4 $11) 53. Kg4 f5+ 0-1

[Event "European Women Blitz-ch 2024"]
[Site "Monaco"]
[Date "2025.01.10"]
[Round "7.8"]
[White "Guichard, Pauline"]
[Black "Wagner, Dinara"]
[Result "0-1"]
[Annotator "TA"]
[ECO "B14"]
[WhiteElo "2357"]
[BlackElo "2437"]
[PlyCount "60"]
[EventDate "2025.01.06"]
[EventType "swiss"]
[EventCountry "MNC"]
[SourceTitle "playchess.com"]
[Source "ChessBase"]
[SourceQuality "1"]
[TimeControl "180+2"]

1. d4 Nf6 2. c4 e6 3. Nc3 Bb4 4. e3 O-O 5. Bd3 c5 6. Nf3 d5 7. cxd5 cxd4 8. exd4 exd5 9. O-O Bg4 10. h3 Bh5 11. Bg5 Bxc3 12. bxc3 Qd6 13. Rb1 b6 14. Re1 {[%emt 0:00:13] Wards off Ne4} Nbd7 15. Re3 Rfe8 16. Qe2 Rxe3 17. Qxe3 Re8 {[%emt 0:00:01] Prevents Ne5.} 18. Qd2 Bxf3 19. gxf3 h6 20. Bf4 Qe6 21. Kg2 Nh5 22. Bh2 {[%emt 0:00:07][%cal Od2e3] [#]} Nf8 $1 23. Qc2 {[%emt 0:00:13] [#]} (23. Bg3 $17 {keeps fighting.}) 23... Ng6 (23... Qf6 $1 $19 24. Bg3 Ne6) 24. Bf5 $2 (24. Bxg6 $17 fxg6 25. Rb3) 24... Qf6 $2 (24... Nh4+ $19 {has better winning chances.} 25. Kf1 Nxf5) 25. Bg4 $2 (25. Bxg6 $17 Qg5+ (25... Qxg6+ 26. Qxg6 fxg6 27. Rb5 $11) (25... fxg6 26. Qd2 $15) 26. Kh1 fxg6 (26... Qxg6 27. Qxg6 fxg6 28. Kg2 $11) 27. Rg1) 25... Nhf4+ 26. Kh1 h5 27. Bd7 Re7 28. Qa4 $2 (28. Qf5 $19) 28... Nd3 {[%emt 0:00:15][%csl LRf2,LRf3] Excellent horsemanship.} 29. Rf1 Qxf3+ 30. Kg1 Ne1 0-1

[Event "European Women Blitz-ch 2024"]
[Site "Monaco"]
[Date "2025.01.10"]
[Round "7.9"]
[White "Khotenashvili, Bella"]
[Black "Savina, Anastasia"]
[Result "1-0"]
[Annotator "TA"]
[ECO "A04"]
[WhiteElo "2420"]
[BlackElo "2318"]
[PlyCount "73"]
[EventDate "2025.01.06"]
[EventType "swiss"]
[EventCountry "MNC"]
[SourceTitle "playchess.com"]
[Source "ChessBase"]
[SourceQuality "1"]
[TimeControl "180+2"]

1. Nf3 d6 2. g3 e5 3. d3 Nc6 4. c4 g6 5. Nc3 Bg7 6. Rb1 a5 7. Bg2 Nge7 8. h4 Bg4 9. Nh2 Be6 10. h5 d5 {[%emt 0:00:25] [#]} (10... h6 $11 {keeps the balance.}) 11. cxd5 (11. Bg5 $1 $16 h6 12. cxd5 hxg5 13. dxe6 (13. dxc6 Nxc6 14. hxg6 f5 $16)) 11... Nxd5 $14 12. Nf1 (12. Nf3 $14 {is more appropriate.}) 12... gxh5 (12... f5 $11) 13. Rxh5 Nce7 14. Ne3 c6 15. a3 Nxe3 16. Bxe3 Nd5 ({Black should try} 16... f5 $14) 17. Bd2 Qd7 18. Qa4 Nxc3 (18... f5 $16 {was worth a try.}) 19. Bxc3 (19. bxc3 $18 {[%cal Ob1b7] And now Rxb7! would win.} Kf8 20. Bf3) 19... f6 {[%emt 0:00:01] [#]} (19... f5 $16) 20. b4 $1 $18 ({Stronger than} 20. Bxa5 Bd5 21. Bh3 Qf7 $11) 20... O-O 21. bxa5 Bd5 $2 (21... Rf7 $16 22. Kf1 Bf8) 22. Be4 b5 $2 (22... Bxe4 23. Qxe4 f5 24. Qc4+ Kh8) 23. Bxh7+ Kf7 24. Qh4 c5 25. Bf5 Be6 26. Bxe6+ Qxe6 27. Rxb5 Rfb8 {[%emt 0:00:02] Prevents Rb7+.} 28. Rxb8 Rxb8 29. Qc4 Rb1+ 30. Kd2 Qxc4 31. dxc4 {[%emt 0:00:01][%mdl 4096] Endgame KRB-KRB. White is 3 pawns up.} Kg6 32. g4 Bh6+ 33. Kc2 Rc1+ 34. Kb2 Rf1 35. a6 {[%emt 0:00:05][%cal Ba5a6,Ba6a7][%mdl 32] White wants to mate with a7.} Bc1+ 36. Kc2 Bxa3 37. a7 1-0

[Event "European Women Blitz-ch 2024"]
[Site "Monaco"]
[Date "2025.01.10"]
[Round "7.10"]
[White "Gvetadze, Sofio"]
[Black "Narva, Mai"]
[Result "1/2-1/2"]
[Annotator "TA"]
[ECO "A04"]
[WhiteElo "2298"]
[BlackElo "2398"]
[PlyCount "158"]
[EventDate "2025.01.06"]
[EventType "swiss"]
[EventCountry "MNC"]
[SourceTitle "playchess.com"]
[Source "ChessBase"]
[SourceQuality "1"]
[TimeControl "180+2"]

1. Nf3 g6 2. g3 Bg7 3. Bg2 c5 4. O-O Nc6 5. d3 d6 6. e4 Bg4 7. h3 Bxf3 8. Bxf3 e6 9. Bg2 Nge7 10. c3 O-O 11. Be3 e5 12. Nd2 Rc8 13. f4 Qd7 (13... exf4 $11 {keeps the balance.} 14. gxf4 Qd7) 14. Kh2 (14. f5 $1 $16 {[%cal Rf5f6] Hoping for f6.} f6 (14... gxf5 15. exf5 f6 16. g4 $16) 15. fxg6) 14... b6 15. Nc4 (15. f5 $14 gxf5 16. exf5) 15... f5 16. Qb3 Kh8 17. Rad1 Rcd8 18. Bc1 exf4 19. Bxf4 d5 20. exd5 Nxd5 21. Bg5 Rde8 22. Rde1 h6 23. Bc1 Nf6 24. Qc2 b5 25. Na3 (25. Bxc6 $1 $14 Qxc6 26. Ne5 Ng4+ 27. hxg4 Bxe5 28. Qg2 (28. Bxh6 Rf7 $18)) 25... a6 (25... Rxe1 $15 26. Rxe1 Nh5) 26. Qf2 $2 (26. Be3 $11 {and White stays safe.}) 26... b4 $2 (26... Ne5 $19 27. Qg1 Nxd3 28. Rxe8 Rxe8 (28... Qxe8 $2 29. Qe3 $19)) 27. Nc4 $11 (27. Qxc5 $2 Ne5 28. Rd1 (28. Qxb4 $2 Nxd3 29. Rxe8 Nxb4 $19) (28. Rxe5 $2 Rxe5 29. Qxb4 Re2 $19) 28... bxa3 29. Qxa3 Re6 $19 (29... Nxd3 30. c4 $11)) 27... Rxe1 (27... Qxd3 {keeps more tension.} 28. Qxc5 Rxe1 29. Rxe1 Ne4) 28. Rxe1 bxc3 $2 (28... Qxd3 $11 29. Qxc5 Ne4 30. Rxe4 (30. Qxc6 $2 Qxg3+ 31. Kh1 Qxe1+ $19) 30... fxe4 31. Qxc6 bxc3) 29. Qxc5 $18 cxb2 $2 (29... Nd8 30. Ne5 (30. bxc3 f4 $18) 30... Qe8 31. bxc3 Kh7) 30. Bxb2 (30. Qxc6 $2 Qxc6 (30... b1=B $2 31. Ba3 $18) (30... b1=R 31. Ne5 $17) (30... b1=Q $2 31. Qc5 $19) (30... bxc1=B 31. Rxc1 Re8 32. Qxd7 $15) (30... bxc1=N 31. Rxc1 Qxd3 32. Ne5 $11) 31. Bxb2 Qa4 $19) 30... Nd8 31. Ne5 Qe8 32. Nf3 (32. Qc7 $18 {has better winning chances.}) 32... Qf7 (32... Qb5 $16 33. Qxb5 axb5) 33. Nh4 Kh7 $2 (33... Re8 $16 34. Re7 Rxe7 (34... Qxe7 $2 35. Nxg6+ Kg8 36. Nxe7+ $18) 35. Qxe7 Qxe7 36. Nxg6+ Kh7 37. Nxe7 Ng4+ 38. hxg4 Bxb2) 34. Qa5 $2 (34. Re7 $1 $18 {[%cal Re7f7] and the rest is easy.} Qxa2 35. Nxf5 (35. Qb6 Ne6 $18) 35... gxf5 36. Qxf5+ Kh8 (36... Kg8 $2 37. Bd5+ Qxd5 38. Rxg7+ Kxg7 39. Qxd5 $18) 37. Bxf6 Rxf6 38. Re8+ Qg8 39. Rxg8+ Kxg8 40. Qc8) 34... Ne6 (34... Re8) 35. Qxa6 {[%emt 0:00:04] White has more active pieces.} Ng5 {[%emt 0:00:01] [#]} (35... Nc7 $16 36. Qc4 Ncd5) 36. Qd6 $2 (36. a4 $1 $18) 36... Qxa2 $11 37. Be5 (37. Re2 $11 Qb3 38. Qa6) 37... Nf7 (37... Qd2 $15 {should be considered.} 38. Rf1 Nf7) 38. Qc7 Nxe5 39. Rxe5 Ne8 40. Qe7 Nf6 41. Rc5 $2 {[%emt 0:00:03] [#]} (41. Qc7 $11) 41... Qf7 $2 (41... f4 $1 $19 42. Rc4 (42. gxf4 $2 Re8 $19) 42... fxg3+ 43. Kxg3 Qb2 44. Nxg6 Nh5+ (44... Kxg6 45. Rg4+ Nxg4 46. Be4+ Rf5 47. Qe6+ Bf6 48. Qxf5+ Kg7 49. Qd7+ Kf8 50. Qc8+ Ke7 51. Qc7+ Ke6 52. Qc4+ Ke7 53. Qc5+ Kf7 54. hxg4 $14) 45. Kh2 (45. Kh4 Qf2+ 46. Kg4 Qg3+ 47. Kxh5 Rf5+) 45... Qb8+ (45... Kxg6 46. Qe4+ Rf5 47. Rc6+ Bf6 48. Qg4+ Rg5 49. Qe4+ Rf5 50. Qg4+ Rg5 51. Qe4+ Rf5 $11) 46. Kg1 (46. Rc7 $2 Rc8 $19) 46... Qb6+ (46... Kxg6 47. Be4+ Rf5 48. Qe6+ Bf6 49. Bxf5+ Kg7 50. Qd7+ Kf8 51. Rc8+) 47. Kh1 Qxg6 (47... Kxg6 $2 48. Be4+ Rf5 49. Bxf5+ Kxf5 50. Qe4+ Kg5 51. h4+ Kf6 52. Rc6+ $18)) 42. Rc7 Qxe7 43. Rxe7 Rd8 44. Bf1 Nd5 45. Ra7 Ne3 46. Be2 g5 47. Nf3 Kg6 48. Kg1 Nd5 49. Ra6+ Kh7 50. Kf2 Nb4 51. Ra3 g4 52. hxg4 fxg4 53. Nh2 (53. Nh4 $11) 53... h5 $15 54. Nf1 $2 ({White should try} 54. Nxg4 $15 Rf8+ (54... hxg4 $2 55. Bxg4 Bd4+ 56. Kg2 $17) 55. Kg2) 54... Bd4+ 55. Kg2 Re8 $2 (55... Rf8 $19 {is more deadly.} 56. Rb3 Nc2 57. Rb7+ Kh6) 56. Bd1 $17 Re1 57. Ra4 Nc6 ({Of course not} 57... Nxd3 58. Bxg4 hxg4 59. Rxd4 Re2+ 60. Kg1 $11) (57... Bc3 $5 58. Bb3 Rb1 $15 (58... Nxd3 59. Rc4 $11)) 58. Bb3 Rb1 ({Better is} 58... Re2+ $15 59. Kh1 Rf2) 59. Bd5 Rb2+ 60. Kh1 Rb1 61. Bxc6 Rxf1+ $11 {[%emt 0:00:02][%mdl 4096] Endgame KRB-KRB} 62. Kg2 Rf2+ 63. Kh1 Be5 64. Ra5 Bxg3 {[%emt 0:00:04] And now ...h4 would win.} 65. Rxh5+ Kg6 66. Be8+ Kf6 67. Rh7 Rd2 68. Bb5 Bf4 69. Rh8 g3 {[%emt 0:00:02] ( -> ...g2+)} 70. Bc6 Rxd3 (70... g2+ $5 71. Bxg2 Rd1+ (71... Rxd3 72. Rf8+ Kg5 73. Ba8 $11) 72. Bf1 Rxf1+ 73. Kg2 Ra1 $19) 71. Rf8+ Kg5 72. Rg8+ Kf6 73. Rf8+ Ke5 74. Re8+ Kd4 75. Re4+ Kc5 76. Rxf4 Kxc6 77. Kg2 Rc3 78. Rg4 Rd3 79. Rxg3 Rxg3+ 1/2-1/2